 Dungeon Crawl Stone Soup version 0.21.1-1-g345015fe64 (webtiles) character file.

18866 Mrkan the Pandemonic (level 12, -1/76 HPs)
             Began as a Gargoyle Fighter on May 11, 2018.
             Was a High Priest of Makhleb.
             Killed by divine providence
             ... invoked by an orc priest
              (9 damage)
             ... on level 12 of the Dungeon.
             The game lasted 00:30:29 (11276 turns).

Mrkan the Pandemonic (Gargoyle Fighter)            Turns: 11276, Time: 00:30:29

Health: -1/76      AC: 27    Str: 24    XL:     12   Next: 63%
Magic:  21/21      EV: 10    Int: 15    God:    Makhleb [*****.]
Gold:   824        SH: 10    Dex: 16    Spells: 11/11 levels left

rFire    . . .     SeeInvis .   k - +2 flail (holy)
rCold    . . .     Gourm    .   c - +0 shield
rNeg     + . .     Faith    .   s - +0 plate armour
rPois    ∞         Spirit   .   t - +0 helmet
rElec    +         Reflect  .   (no cloak)
rCorr    .         Harm     .   C - +0 pair of gloves
MR       .....                  (no boots)
Stlth    ..........             (no amulet)
HPRegen  0.22/turn              n - +4 ring of intelligence
MPRegen  0.17/turn              A - +3 ring of strength

@: agile
A: negative energy resistance 1, electricity resistance, unbreathing,
petrification resistance, rot immunity, AC +8
a: Minor Destruction, Lesser Servant of Makhleb, Major Destruction, Greater
Servant of Makhleb, Renounce Religion


You were on level 12 of the Dungeon.
You worshipped Makhleb.
Makhleb was extremely pleased with you.
You were hungry.

You visited 1 branch of the dungeon, and saw 12 of its levels.

You collected 824 gold pieces.

Inventory:

Hand Weapons
 a - a cursed -2 flail
 k - a +2 flail of holy wrath (weapon)
 I - a +1 whip of electrocution
 T - a +0 dire flail of holy wrath
Armour
 c - a +0 shield (worn)
 s - a +0 plate armour (worn)
 t - a +0 helmet (worn)
 C - a +0 pair of gloves (worn)
Jewellery
 m - an uncursed ring of stealth
 n - a +4 ring of intelligence (left hand)
 A - a +3 ring of strength (right hand)
 J - an uncursed amulet of faith {unknown}
 M - a cursed ring of loudness {unknown}
 Q - an uncursed ring of positive energy {unknown}
 S - an uncursed ring of wizardry {unknown}
 X - an uncursed ring of stealth
Wands
 d - a wand of acid (5)
 g - a wand of digging (27)
 o - a wand of flame (31)
 w - a wand of random effects (53)
 H - a wand of scattershot (1)
Scrolls
 e - 2 scrolls of magic mapping
 l - 7 scrolls of teleportation
 v - 8 scrolls of identify
 y - 2 scrolls of fear {unknown}
 B - 2 scrolls of remove curse {unknown}
 D - 3 scrolls of fog {unknown}
 F - a scroll of enchant weapon {unknown}
 G - a scroll of immolation {unknown}
 K - 2 scrolls of amnesia {unknown}
 O - 2 scrolls of blinking {unknown}
 Y - a scroll of vulnerability {unknown}
Potions
 b - a potion of agility
 h - 3 potions of cancellation
 i - 5 potions of curing
 p - 2 potions of degeneration
 r - 2 potions of haste {unknown}
 u - a potion of lignification {unknown}
 x - a potion of magic {unknown}
 E - a potion of berserk rage {unknown}
 L - 2 potions of invisibility {unknown}
 N - a potion of mutation {unknown}
 R - a potion of might
 U - 2 potions of brilliance {unknown}
Books
 j - a book of Cantrips

   Spells                             Type                      Level
   a - Confusing Touch                Hexes                        1
   b - Animate Skeleton               Necromancy                   1
   c - Summon Small Mammal            Summoning                    1
   d - Apportation                    Translocation                1
 z - a book of the Earth

   Spells                             Type                      Level
   a - Leda's Liquefaction            Hexes/Earth                  4
   b - Bolt of Magma                  Conjuration/Fire/Earth       5
   c - Statue Form                    Transmutation/Earth          6
   d - Iron Shot                      Conjuration/Earth            6
   e - Shatter                        Earth                        9
 P - a book of Misfortune

   Spells                             Type                      Level
   a - Confusing Touch                Hexes                        1
   b - Confuse                        Hexes                        3
   c - Gell's Gravitas                Translocation                3
   d - Petrify                        Transmutation/Earth          4
   e - Metabolic Englaciation         Hexes/Ice                    5
   f - Yara's Violent Unravelling     Hexes/Transmutation          5
 W - a book of Ice

   Spells                             Type                      Level
   a - Ice Form                       Ice/Transmutation            4
   b - Metabolic Englaciation         Hexes/Ice                    5
   c - Ozocubu's Refrigeration        Ice                          6
   d - Bolt of Cold                   Conjuration/Ice              6
   e - Freezing Cloud                 Conjuration/Ice/Air          6
   f - Simulacrum                     Ice/Necromancy               6
Comestibles
 f - 21 rations
 V - 3 chunks of flesh


   Skills:
 + Level 9.4 Fighting
 * Level 11.4 Maces & Flails
 + Level 11.5 Armour
 - Level 3.2 Shields
 + Level 12.1 Invocations


You had 11 spell levels left.
You didn't know any spells.

Dungeon Overview and Level Annotations

Branches:
Dungeon (12/15)            Temple (0/1) D:5            Lair (0/6) D:9
    Orc (0/2) D:9

Altars:
Ashenzari
Elyvilon
Fedhas
Makhleb
Nemelex Xobeh
Okawaru
Trog
Vehumet
Xom
Yredelemnul

Shops:
D:7 [


Innate Abilities, Weirdness & Mutations

You are resistant to torment.
Your stone body is resilient. (AC +8)
You are immune to poison.
You resist negative energy. (rN+)
You are resistant to electric shocks. (rElec)
You can survive without breathing.
You are immune to petrification.
You are immune to rotting.


Message History

You are feeling hungry.
The orc priest looks satisfied for a moment.
The orc hits you but does no damage.
You feel better.
You feel agile all of a sudden.
Your shield and plate armour prevent you from hitting the two-headed ogre.
The two-headed ogre barely misses you.
The two-headed ogre hits you but does no damage.
You sock the two-headed ogre!
The two-headed ogre is moderately wounded.
You hear the brisk ticking of a distant clock.
The two-headed ogre hits you with a giant club.
* * * LOW HITPOINT WARNING * * *
The two-headed ogre hits you with a giant club!
* * * LOW HITPOINT WARNING * * *
Your shield and plate armour prevent you from hitting the two-headed ogre.
The two-headed ogre is moderately wounded.
The orc priest mumbles some strange prayers to Beogh against you.
Beogh smites you!
You die... #.............#..##..##.......##. ####.##..o.oo.................##. #)######.o.#...#.............. #o# #....o...............#. ooo #....o..#.............. .oo.o

#....oo.#..........#.#.
o.o....
######o....#...#.......
o........
#O#.......#.#.#.##
..........
#@#.>............
...........
#.....[.#.#.#.....
#........ ##....###
...... .#..... ......#
###....


You could see a two-headed ogre, 3 orc priests and 2 orcs.

Vanquished Creatures
  Erolcha (D:11)
  A centaur warrior (D:9)
  4 two-headed ogres
  An unseen horror (D:11)
  Pikel (D:7)
  An ugly thing (D:11)
  A manticore (D:11)
  A troll (D:11)
  Prince Ribbit (D:7)
  A hornet (D:10)
  2 hippogriffs
  A wyvern (D:9)
  2 steam dragons (D:9)
  12 yaks
  A hungry ghost (D:11)
  2 basilisks (D:9)
  3 hogs (D:7)
  2 humans
  15 two-headed ogre zombies (D:11)
  A soldier ant (D:11)
  6 orc warriors
  4 eyes of draining
  4 ice beasts
  3 black bears
  5 sky beasts
  2 slaves (D:7)
  6 ogres
  4 centaurs
  A crocodile (D:10)
  Blork the orc (D:5)
  A big kobold (D:11)
  9 bullfrogs
  2 gnoll sergeants
  A wyvern skeleton (D:11)
  4 scorpions
  19 killer bees
  8 howler monkeys
  2 bullfrog zombies (D:5)
  9 crimson imps
  2 quasits
  2 bullfrog skeletons
  10 hounds
  5 orc wizards
  2 orc priests (D:2)
  3 jellies
  4 centaur skeletons
  An iguana (D:7)
  8 worker ants
  An ogre zombie (D:11)
  A hound zombie (D:8)
  2 hound skeletons
  A howler monkey skeleton (D:3)
  6 gnolls
  14 adders
  A shadow imp (D:5)
  An ooze (D:4)
  An adder zombie (D:5)
  2 adder skeletons
  A worm (D:4)
  4 dart slugs
  8 leopard geckos
  30 orcs
  A ball python (D:4)
  6 bats
  6 giant cockroaches
  12 goblins
  3 hobgoblins
  4 quokkas
  5 frilled lizards
  7 kobolds
  A kobold zombie (D:9)
  2 leopard gecko skeletons
  A quokka skeleton (D:4)
  7 rats
310 creatures vanquished.

Vanquished Creatures (collateral kills)
  An unseen horror (D:11)
1 creature vanquished.

Vanquished Creatures (others)
  A hound (D:7)
1 creature vanquished.

Grand Total: 312 creatures vanquished

Notes
Turn   | Place    | Note
-------+----------+-------------------------------------------
     0 | D:1      | Mrkan the Gargoyle Fighter began the quest for the Orb.
     0 | D:1      | Reached XP level 1. HP: 14/14 MP: 1/1
    66 | D:1      | Reached XP level 2. HP: 14/19 MP: 2/2
   592 | D:1      | Reached XP level 3. HP: 23/24 MP: 3/3
   999 | D:2      | Noticed a scorpion
  1019 | D:2      | Killed a scorpion
  1019 | D:2      | Reached XP level 4. HP: 18/29 MP: 4/4
  1202 | D:2      | Reached XP level 5. HP: 31/34 MP: 5/5
  1960 | D:3      | Reached skill level 5 in Maces & Flails
  2013 | D:3      | Found a shimmering altar of Xom.
  2014 | D:3      | Found a burning altar of Makhleb.
  2033 | D:3      | Reached XP level 6. HP: 39/40 MP: 6/6
  2039 | D:3      | Became a worshipper of Makhleb the Destroyer
  2088 | D:3      | Noticed a sky beast
  2099 | D:3      | Killed a sky beast
  2099 | D:3      | Reached skill level 5 in Fighting
  3005 | D:5      | Entered Level 5 of the Dungeon
  3011 | D:5      | Noticed an ice beast
  3037 | D:5      | Killed an ice beast
  3037 | D:5      | Reached XP level 7. HP: 44/44 MP: 7/7
  3375 | D:5      | Found a shattered altar of Ashenzari.
  3391 | D:5      | Found a basalt altar of Yredelemnul.
  3393 | D:5      | Found a sparkling altar of Nemelex Xobeh.
  3505 | D:5      | Found a blossoming altar of Fedhas.
  3509 | D:5      | Found a radiant altar of Vehumet.
  3562 | D:5      | Noticed Blork the orc
  3630 | D:5      | Reached * piety under Makhleb
  3664 | D:5      | Reached XP level 8. HP: 28/52 MP: 8/8
  4016 | D:5      | Killed Blork the orc
  4396 | D:5      | Reached skill level 1 in Invocations
  4452 | D:5      | Found a staircase to the Ecumenical Temple.
  4597 | D:6      | Reached skill level 2 in Invocations
  4597 | D:6      | Reached XP level 9. HP: 54/57 MP: 10/10
  4708 | D:6      | Reached skill level 3 in Invocations
  4806 | D:6      | Reached ** piety under Makhleb
  5040 | D:7      | Noticed Pikel
  5076 | D:7      | Killed Pikel
  5076 | D:7      | Reached skill level 4 in Invocations
  5145 | D:7      | Found a white marble altar of Elyvilon.
  5180 | D:7      | Reached skill level 5 in Invocations
  5332 | D:7      | Noticed Prince Ribbit
  5376 | D:7      | Killed Prince Ribbit
  5376 | D:7      | Reached skill level 6 in Invocations
  5417 | D:7      | Found Jontecof's Armour Shop.
  5571 | D:7      | Found a bloodstained altar of Trog.
  5583 | D:7      | Reached XP level 10. HP: 45/63 MP: 0/14
  5606 | D:7      | Reached skill level 7 in Invocations
  6149 | D:8      | Reached skill level 8 in Invocations
  7221 | D:9      | Found a runed door.
  7226 | D:9      | Found a basalt altar of Yredelemnul.
  7231 | D:9      | Noticed a centaur warrior
  7250 | D:9      | Killed a centaur warrior
  7250 | D:9      | Reached skill level 9 in Invocations
  7540 | D:9      | Reached *** piety under Makhleb
  7603 | D:9      | Reached skill level 10 in Armour
  7680 | D:9      | Found an iron altar of Okawaru.
  7768 | D:9      | Reached XP level 11. HP: 67/67 MP: 18/18
  7827 | D:9      | Found a staircase to the Lair.
  8125 | D:9      | Found a staircase to the Orcish Mines.
  8346 | D:10     | Entered Level 10 of the Dungeon
  8559 | D:10     | Noticed a two-headed ogre
  8585 | D:10     | Killed a two-headed ogre
  8585 | D:10     | Reached skill level 10 in Invocations
  9171 | D:10     | Noticed a two-headed ogre
  9201 | D:10     | Killed a two-headed ogre
  9659 | D:10     | Noticed a two-headed ogre
  9670 | D:10     | Killed a two-headed ogre
  9670 | D:10     | Reached **** piety under Makhleb
  9853 | D:11     | Killed an unseen horror
  9853 | D:11     | Reached skill level 10 in Maces & Flails
  9870 | D:11     | Noticed a two-headed ogre
  9885 | D:11     | Killed a two-headed ogre
  9947 | D:11     | Reached skill level 11 in Invocations
 10021 | D:11     | Noticed Erolcha
 10062 | D:11     | Killed an unseen horror
 10062 | D:11     | Reached XP level 12. HP: 75/75 MP: 20/20
 10120 | D:11     | Paralysed by Erolcha for 5 turns
 10129 | D:11     | Paralysed by Erolcha for 2 turns
 10136 | D:11     | Killed Erolcha
 10857 | D:11     | Reached skill level 12 in Invocations
 11187 | D:12     | Reached ***** piety under Makhleb
 11256 | D:12     | Noticed a two-headed ogre
 11276 | D:12     | Killed from afar by an orc priest

Skill      XL: |  1  2  3  4  5  6  7  8  9 10 11 12 |
---------------+-------------------------------------+-----
Maces & Flails | 3 4 5 6 7 9 10 11 | 11.4
Fighting       | 4 5 6 7 8 9 |  9.4
Invocations    | 2 6 9 11 12 | 12.1
Armour         | 4 7 10 11 | 11.5
Shields        | |  3.2

Action                   |  1- 3 |  4- 6 |  7- 9 | 10-12 || total
-------------------------+-------+-------+-------+-------++-------
Melee: Flail             |   111 |   170 |   334 |  1104 ||  1719
Invok: Lesser Servant of |       |       |       |     1 ||     1
  Use: Scroll            |     2 |     5 |     4 |       ||    11
       Potion            |       |       |       |    10 ||    10
 Stab: Invisible         |       |     1 |       |       ||     1
  Eat: Chunk             |     1 |     6 |     9 |    15 ||    31
       Ration            |       |       |       |     2 ||     2
Armor: Scale mail        |    78 |    86 |       |       ||   164
       Plate armour      |       |    11 |   343 |   885 ||  1239
Dodge: Dodged            |    46 |    48 |    63 |   252 ||   409
Block: Shield            |    74 |    87 |   201 |   578 ||   940
